 Adventure DCSS version bcrawl-1.21.2-28-g2cb1824106 (webtiles) character file.

Game seed: 10625598142871184568

732 Defined the Magician (level 7, -12/43 HPs)
             Began as a Skeleton Fire Elementalist on Mar 5, 2020.
             Mangled by a yak (14 damage)
             ... on level 5 of the Dungeon.
             The game lasted 00:19:08 (7653 turns).

Defined the Magician (Skeleton Fire Elementalist)   Turns: 7653, Time: 00:19:08

Health: -12/43     AC:  6    Str:  6 (9)  XL:     7   Next: 45%
Magic:  0/17       EV: 13    Int: 14      God:
Gold:   265        SH:  0    Dex: 12 (14) Spells: 13/19 levels left
                                        Lives:  0   Deaths: 2

rFire    . . .     SeeInvis .   w - +3 great sword of Imbalance {vamp, +Blink rElec Int-2}
rCold    + . .     Gourm    .   (shield currently unavailable)
rNeg     + + +     Faith    +   y - +2 robe "Iklopp" {rElec Str-5 Dex+5 Stlth+}
rPois    ∞         Spirit   +   q - +0 helmet
rElec    +         Reflect  .   (no cloak)
rCorr    .         Harm     .   d - +0 pair of gloves
MR       +....                  (no boots)
Stlth    +++.......             t - amulet of faith
HPRegen  0.14/turn              u - ring of insulation
MPRegen  0.15/turn              (no ring)

@: no status effects
A: no food or potions, cold resistance 1, deterioration 1, negative energy
resistance 3, powered by death 1, torment resistance, unbreathing, magic shield,
sturdy frame 1, spell healing
a: Evoke Blink


You were on level 5 of the Dungeon.
You were not hungry.

You visited 1 branch of the dungeon, and saw 5 of its levels.

You collected 265 gold pieces.

Inventory:

Hand Weapons
 b - a +0 club
 h - a +0 short sword of electrocution
 p - a +0 dagger
 w - the +3 great sword of Imbalance (weapon) {vamp, +Blink rElec Int-2}
   (You found it on level 4 of the Dungeon)

   It inflicts no extra harm, but heals its wielder when it wounds a living foe.
   It affects your intelligence (-2).
   It insulates you from electricity.
   It lets you blink.
Missiles
 c - 1220 stones (quivered)
 k - 25 curare-tipped needles
Armour
 d - a +0 pair of gloves (worn)
 i - a +0 buckler
 q - a +0 helmet (worn)
 y - the +2 robe "Iklopp" (worn) {rElec Str-5 Dex+5 Stlth+}
   (You found it on level 4 of the Dungeon)

   It affects your strength (-5).
   It affects your dexterity (+5).
   It insulates you from electricity.
   It makes you more stealthy.
Magical Staves
 n - an uncursed staff of air
Jewellery
 t - an amulet of faith (around neck)
 u - a ring of insulation (left hand)
Wands
 v - a wand of polymorph (10)
 x - a wand of random effects (7)
Scrolls
 e - a scroll of fog {unknown}
 f - 4 scrolls of identify {unknown}
 g - 6 scrolls of teleportation
 j - a scroll of enchant armour {unknown}
 l - a scroll of blinking {unknown}
 o - 2 scrolls of enchant weapon {unknown}
 r - a scroll of amnesia {unknown}
 s - a scroll of immolation {unknown}


   Skills:
 + Level 4.3 Fighting
 - Level 2.8 Dodging
 - Level 2.4 Stealth
 - Level 4.1 Shields
 + Level 6.8 Spellcasting
 + Level 5.5 Conjurations
 + Level 5.9 Fire Magic


You had 13 spell levels left.
You knew the following spells:

 Your Spells              Type           Power        Failure   Level  Hunger
a - Flame Tongue          Conj/Fire      ###..        1%          1    N/A
b - Fireball              Conj/Fire      ###.......   36%         5    N/A

Your spell library contained the following spells:

 Spells                   Type           Power        Failure   Level  Hunger
 Conjure Flame            Conj/Fire      ###.....     4%          3    N/A
 Flaming Arrows           Chrm/Fire      ##......     6%          2    N/A
 Inner Flame              Hex/Fire       N/A          13%         3    N/A
 Sticky Flame             Conj/Fire      ###.....     14%         4    N/A

Dungeon Overview and Level Annotations

Branches:
Dungeon (5/12)
 Temple: D:4-7

Altars:
Cheibriados
Makhleb
Okawaru
Trog
Yredelemnul
The Shining One

Annotations:
D:4 3 runed translucent doors, dscm's ghost, amateur OpAc


Innate Abilities, Weirdness & Mutations

You do not eat or drink.
You are immune to poison.
Your flesh is cold resistant. (rC+)
Your body sometimes deteriorates upon taking damage.
You are immune to negative energy. (rN+++)
You regenerate a little health from kills.
You are immune to unholy pain and torment.
You can survive without breathing.
When hurt, damage is shared between your health and your magic reserves.
Your movements are slightly less encumbered by armour. (ER -2)
Casting spells heals you.


Message History

The yak is moderately wounded.
The centaur zombie barely misses you. The yak gores you!
Your body deteriorates!
You feel clumsy. The centaur zombie hits you.
Your body deteriorates!
You feel clumsy. The yak misses you. The centaur zombie closely misses you.
You barely miss the yak.
The yak is moderately wounded.
The centaur zombie hits you!
* * * LOW HITPOINT WARNING * * *
The yak gores you!
* * * LOW HITPOINT WARNING * * *
Your body deteriorates!
You feel weakened. The yak gores you.
* * * LOW HITPOINT WARNING * * *
The centaur zombie barely misses you.
You completely miss the yak.
The yak is moderately wounded.
The centaur zombie hits you. The yak gores you!
You die...

..........###.
#....#..........
#..............#
#........>..?.# #....
..............# ......
..(............## ......
.......Z##..#...# ......
#.@<...##>.##.....)
##Y....##..........
#.......##.........
###..).............
##.........##Z......
#..<.......#........
#.###.....##Z.......
.#..........[........
...............##........


You could see a yak and a centaur zombie.

Vanquished Creatures
  A hornet zombie (D:5)
  A sky beast (D:5)
  3 eyes of draining (D:3)
  A necrophage (D:5)
  An ogre (D:4)
  A scorpion (D:4)
  2 crimson imps
  A hound (D:4)
  A bullfrog zombie (D:4)
  2 orc priests
  A jelly (D:4)
  2 iguanas (D:4)
  5 orc wizards
  3 worker ants
  Ijyb (D:4)
  A hound zombie (D:5)
  Robin (D:3)
  5 adders
  2 gnolls (D:3)
  3 oozes
  An adder skeleton (D:4)
  5 worms
  3 dart slugs
  4 leopard geckos
  15 orcs
  8 bats
  3 giant cockroaches (D:1)
  2 gnoll zombies (D:2)
  9 goblins
  10 hobgoblins
  8 jackals (D:3)
  5 quokkas
  2 ball pythons (D:1)
  7 frilled lizards
  11 kobolds
  7 rats
138 creatures vanquished.

Notes
Turn   | Place    | Note
-------+----------+-------------------------------------------
     0 | D:1      | Defined the Skeleton Fire Elementalist began the quest for
                  | the Orb.
     0 | D:1      | Reached XP level 1. HP: 10/10 MP: 4/4
   605 | D:1      | Reached XP level 2. HP: 15/15 MP: 4/6
  1273 | D:1      | Reached XP level 3. HP: 18/19 MP: 6/8
  2047 | D:2      | Reached skill level 1 in Fighting
  2047 | D:2      | Reached skill level 1 in Shields
  2047 | D:2      | Reached XP level 4. HP: 15/25 MP: 6/9
  2357 | D:2      | Found a glowing golden altar of the Shining One.
  2586 | D:2      | Found a basalt altar of Yredelemnul.
  3485 | D:3      | Noticed Robin
  3491 | D:3      | Killed Robin
  3514 | D:3      | Reached skill level 4 in Spellcasting
  3586 | D:3      | Reached XP level 5. HP: 27/29 MP: 11/11
  4212 | D:3      | Found an iron altar of Okawaru.
  4250 | D:3      | Learned a level 5 spell: Fireball
  4324 | D:3      | Found a snail-covered altar of Cheibriados.
  4420 | D:3      | Noticed an eye of draining
  4421 | D:3      | Found a bloodstained altar of Trog.
  4421 | D:3      | Noticed an eye of draining
  4421 | D:3      | Noticed an eye of draining
  4494 | D:3      | Killed an eye of draining
  4494 | D:3      | Gained mutation: You regenerate a little health from kills.
                  | [Skeleton growth]
  4494 | D:3      | Reached XP level 6. HP: 35/35 MP: 0/12
  4922 | D:4      | Reached XP level 7. HP: 40/40 MP: 14/14
  5143 | D:3      | Reached skill level 5 in Spellcasting
  5402 | D:4      | Noticed Ijyb
  5509 | D:4      | Reached skill level 5 in Fire Magic
  5509 | D:4      | Slain by an orc
  5510 | D:4      | Reached XP level 6. HP: -3/37 MP: 0/14
  5839 | D:4      | Killed Ijyb
  5839 | D:4      | Reached XP level 7. HP: 33/41 MP: 8/15
  5909 | D:4      | Found a runed translucent gate.
  5909 | D:4      | Found a runed translucent gate.
  5909 | D:4      | Found a runed translucent gate.
  6226 | D:4      | Got a slimy great sword
  6230 | D:4      | Identified the +3 great sword of Imbalance {vamp, +Blink
                  | rElec Int-2} (You found it on level 4 of the Dungeon)
  6297 | D:4      | Noticed dscm's ghost (amateur OpAc)
  6311 | D:4      | Found a burning altar of Makhleb.
  6410 | D:4      | Reached skill level 6 in Spellcasting
  6417 | D:4      | Got a crude robe
  6428 | D:4      | Identified the +2 robe "Iklopp" {rElec Str-5 Dex+5 Stlth+}
                  | (You found it on level 4 of the Dungeon)
  6714 | D:5      | Entered Level 5 of the Dungeon
  6766 | D:4      | HP: 1/41 [hound (2)]
  6769 | D:4      | Slain by a hound
  6770 | D:4      | Reached XP level 6. HP: -1/37 MP: 0/15
  6972 | D:4      | Reached skill level 5 in Conjurations
  7149 | D:5      | Reached XP level 7. HP: 33/43 MP: 10/16
  7389 | D:5      | Noticed a yak
  7652 | D:5      | HP: 1/43 [yak (3)]
  7653 | D:5      | Mangled by a yak

Skill      XL: |  1  2  3  4  5  6  7 |
---------------+----------------------+-----
Fighting       | 1 4 3 |  4.3
Shields        | 1 2 3 4 |  4.1
Conjurations   | 2 5 4 |  5.5
Spellcasting   | 4 6 |  6.8
Fire Magic     | 4 5 |  5.9
Dodging        | |  2.8
Stealth        | |  2.4

Action                   |  1- 3 |  4- 6 |  7- 9 || total
-------------------------+-------+-------+-------++-------
Melee: Club              |    21 |       |       ||    21
       Unarmed           |     1 |       |       ||     1
       Short sword       |    30 |   221 |    47 ||   298
       Great sword       |       |    29 |    71 ||   100
 Cast: Flame Tongue      |    31 |    40 |    21 ||    92
       Fireball          |       |     1 |     1 ||     2
  Use: Scroll            |       |       |     2 ||     2
 Stab: Sleeping          |     3 |     3 |       ||     6
       Distracted        |       |     1 |       ||     1
Armor: Robe              |    19 |    55 |    71 ||   145
Dodge: Dodged            |    58 |   165 |   121 ||   344
Block: Buckler           |     2 |    32 |    13 ||    47
